Map: Autômato LE

Players

DakkoN - Winner!

  • Race: Zerg Zerg
  • League: Master
  • Spawn Location: 9:00

efelinto - Winner!

  • Race: Zerg Zerg
  • League: Gold

VOD

Have the link to the VOD?

Description

Time

  • Played on: Jan. 14, 2019, 3:58 p.m.
  • Length: 3:53
Show
View Real Time Build Order
Export as new Build Order

DakkoN Zerg - Winner!

Build Orders: Hatch First 

Get SALT Encoding   

  12  0:02  Drone  
  12  0:12  Overlord  
  12  0:18  Drone  
  12  0:31  Drone x2  
  12  0:35  Drone  
  12  0:54  Hatchery  
  12  0:56  Drone  
  12  1:01  Drone  
  12  1:10  Extractor  
  12  1:15  Spawning Pool  
  12  1:18  Drone  
  12  1:35  Overlord  
  12  2:02  Zergling x6, Queen  
  12  2:06  Queen  
  12  2:10  Metabolic Boost  
  12  2:37  Zergling x6  
  12  2:42  Zergling x6  
  12  2:46  Baneling Nest  
  12  2:54  Zergling x4  
  12  2:59  Zergling x2  
  12  3:11  Zergling x8  
  12  3:28  Overlord  
  12  3:31  Baneling x4  
  12  3:32  Baneling  
  12  3:35  Baneling  
Show
View Real Time Build Order
Export as new Build Order

efelinto Zerg - Winner!

Build Orders:  

Get SALT Encoding   

Tags
 
Matchup
ZvZ
Race
Zerg
Add a new tag
Caveats
  • Supply blocks, unpowered buildings, or Contaminate may cause inaccurate times.
  • Supply counts are checked every 10 seconds.